 Dungeon Crawl Stone Soup version 0.22-a0-240-g539252a (webtiles) character file.

32789 Amnesiac the Fetichist (level 13, -3/70 HPs)
             Began as a Spriggan Artificer on Feb 21, 2018.
             Was an Initiate of Gozag.
             Slain by a manticore (8 damage)
             ... on level 14 of the Dungeon.
             The game lasted 01:06:52 (25557 turns).

Amnesiac the Fetichist (Spriggan Artificer)        Turns: 25557, Time: 01:06:53

Health: -3/70      AC:  4    Str: 12    XL:     13   Next: 33%
Magic:  27/27      EV: 31    Int: 13    God:    Gozag
Gold:   4401       SH:  7    Dex: 17    Spells: 4/12 levels left

rFire    + + .     SeeInvis +   a - +2 dagger (venom)
rCold    . . .     Gourm    .   y - +0 buckler
rNeg     + . .     Faith    .   S - +1 robe {rC+ rF+}
rPois    .         Spirit   .   (helmet restricted)
rElec    .         Reflect  .   u - +0 cloak
rCorr    .         Harm     .   (gloves unavailable)
MR       ++...                  (boots unavailable)
Stlth    ++........             Q - amulet of magic regeneration
HPRegen  0.21/turn              D - ring of positive energy
MPRegen  0.45/turn              G - ring of fire

@: gold aura, very quick
A: very small, unfitting armour, horns 1, see invisible, blink, herbivore, speed
3, slow metabolism 2
a: Blink, Potion Petition, Call Merchant, Bribe Branch, Renounce Religion


You were on level 14 of the Dungeon.
You worshipped Gozag.
Gozag was most pleased with you.
You were not hungry.

You visited 3 branches of the dungeon, and saw 16 of its levels.
You visited the Abyss 1 time.
You also visited: Sewer.

You collected 4431 gold pieces.
You paid 30 gold pieces to Gozag.

Inventory:

Hand Weapons
 a - a +2 dagger of venom (weapon)
 b - a +0 hunting sling
 q - a +3 scimitar of holy wrath
 w - a +0 blowgun
 R - a +2 dagger of distortion
Missiles
 d - 6 curare-tipped needles
 i - 454 stones (quivered)
 k - 65 poisoned needles
 l - 74 sling bullets
 x - a throwing net
 T - 3 needles of frenzy
Armour
 u - a +0 cloak (worn)
 y - a +0 buckler (worn)
 S - a +1 robe of resistance (worn)
Jewellery
 B - an uncursed ring of ice
 D - a ring of positive energy (left hand)
 G - a ring of fire (right hand)
 Q - an amulet of magic regeneration (around neck)
 V - an uncursed ring of positive energy
Scrolls
 g - 2 scrolls of magic mapping {!r}
 h - 6 scrolls of teleportation {!r}
 j - 4 scrolls of enchant weapon {!r, unknown}
 m - a scroll of enchant armour {!r, unknown}
 n - 3 scrolls of remove curse {!r}
 o - a scroll of fear {!r}
 v - 3 scrolls of amnesia {!r}
 F - a scroll of random uselessness {!r, unknown}
 J - a scroll of immolation {!r}
 P - a scroll of vulnerability {!r}
 U - 2 scrolls of noise {!r, unknown}
Potions
 e - a potion of flight {!q}
 r - a potion of might {!q}
 t - 3 potions of mutation {!q}
 A - 2 potions of lignification {!q}
 C - a potion of berserk rage {!q}
 E - 4 potions of haste {!q}
 H - a potion of ambrosia {!q}
Miscellaneous
 M - a fan of gales
Comestibles
 f - 10 rations


   Skills:
 + Level 9.4 Fighting
 - Level 2.0 Short Blades
 + Level 15.1 Dodging
 - Level 2.0 Stealth
 - Level 3.6 Shields
 * Level 19.4 Evocations


You had 4 spell levels left.
You knew the following spells:

 Your Spells              Type           Power        Failure   Level  Hunger
a - Poisonous Vapours     Pois/Air       #.....       52%         2    ###....
e - Mephitic Cloud        Conj/Pois/Air  #.......     75%         3    ####...
r - Regeneration          Chrm/Necr      #.........   75%         3    ####...


Dungeon Overview and Level Annotations

Branches:
Dungeon (14/15)            Temple (1/1) D:4            Lair (0/6) D:11
    Orc (1/2) D:9          Vaults (0/5) D:14

Altars:
Ashenzari
Cheibriados
Dithmenos
Elyvilon
Fedhas
Gozag
Hepliaklqana
Kikubaaqudgha
Okawaru
Qazlal
Ru
Trog
Uskayaw
Vehumet
Wu Jian
Xom
Yredelemnul
Zin
The Shining One

Annotations:
D:13 Louise


Innate Abilities, Weirdness & Mutations

You are very small and have problems with some larger weapons.
You are too small for most types of armour.
You have supernaturally acute eyesight. (SInv)
You are a herbivore.
You cover ground extremely quickly.
You need consume almost no food.
You have a pair of small horns on your head.
You can translocate small distances at will.


Message History

You block the tengu warrior's attack. The tengu warrior misses you.
There is an open door here.
Okay, then.
Okay, then.
Really quaff
H - 2 potions of ambrosia {!q}?
You are confused.
You feel invigorated.
You hit the gargoyle but do no damage.
You headbutt the gargoyle, but do no damage.
The gargoyle completely misses you.
The tengu warrior completely misses you.
The tengu warrior closely misses you. The tengu warrior misses you.
The tengu conjurer mumbles some strange words.
The tengu conjurer blinks!
The gargoyle hurls a stone arrow at you.
The stone arrow misses you.
There is an open door here.
You're too confused!
You're too confused!
You bump into the stone wall.
The tengu conjurer gestures wildly while chanting.
The tengu conjurer blinks!
The tengu conjurer mumbles some strange words.
The tengu conjurer conjures a globe of magical energy!
A battlesphere comes into view.
You miss the tengu warrior.
The tengu warrior is severely wounded.
You feel less invigorated.
You feel less confused.
You block the tengu warrior's attack. x2
The tengu warrior claws you but does no damage.
You swing at nothing.
You hit the tengu warrior but do no damage.
The tengu warrior looks even sicker.
The tengu warrior is severely wounded.
The tengu warrior completely misses you.
The tengu warrior pecks you. The tengu warrior barely misses you.
You hit the tengu warrior.
The tengu warrior looks as sick as possible!
The tengu warrior is almost dead.
The tengu warrior completely misses you.
The tengu warrior barely misses you. x2
You swing at nothing.
You swing at nothing.
You barely miss the tengu warrior.
The tengu warrior is almost dead.
The tengu warrior barely misses you. The tengu warrior pecks you.
You block the tengu warrior's attack.
You kill the tengu warrior!
You swing at nothing.
You hit the two-headed ogre but do no damage.
The two-headed ogre is poisoned.
The two-headed ogre misses you.
The two-headed ogre hits you with a giant club!!
* * * LOW HITPOINT WARNING * * *
A manticore comes into view.
The manticore bites you!
* * * LOW HITPOINT WARNING * * *
You block the manticore's attack. The manticore completely misses you.
You hit the manticore but do no damage.
The manticore is poisoned.
The manticore completely misses you. The manticore claws you.
* * * LOW HITPOINT WARNING * * *
The manticore claws you!
You die...
Your body crumbles into a pile of gold.

##*..####Q...
#Q$## ##... #.##
##.. #.# ##. ###9#
## #...##########
#####9#.........##
#..O....#######Q##
#@###.#.# #####.#.
#H# #.#.# #....Q..
#.# #.#.###.###.#.
#.# #.......###.##
#.# ###.........##
#.# #.#########
#.. ...# ### #####


You could see a two-headed ogre, a manticore and a gargoyle.

Vanquished Creatures
  Kirke (D:14)
  Josephine (D:10)
  An ogre mage (D:14)
  Erolcha (D:11)
  A catoblepas (D:13)
  2 centaur warriors (D:14)
  2 tengu warriors (D:14)
  5 two-headed ogres
  2 unseen horrors (D:13)
  A deep troll (D:13)
  A manticore (D:9)
  Pikel (D:9)
  A wolf spider zombie (D:14)
  3 ugly things
  3 cyclopes
  A centaur zombie (D:14)
  An eye of devastation (D:14)
  A centaur skeleton (D:14)
  2 yaktaurs (D:14)
  2 kobold demonologists (D:14)
  A tengu conjurer (D:14)
  A komodo dragon (D:14)
  4 trolls
  2 slime creatures
  3 hippogriffs
  A redback (D:13)
  2 wraiths (D:11)
  8 yaks
  2 hungry ghosts
  3 hogs
  Menkaure (D:5)
  A large abomination (D:13)
  An acid dragon (D:11)
  A water moccasin (D:7)
  6 sky beasts
  4 porcupines (D:11)
  Purgy (D:3)
  A black bear (D:11)
  3 ice beasts
  4 slaves (D:9)
  An eye of draining (D:11)
  8 ogres
  11 orc warriors
  2 phantoms
  2 necrophages
  A boggart (D:14)
  7 centaurs
  3 crocodiles
  4 big kobolds
  12 bullfrogs
  2 scorpions
  A killer bee (D:9)
  2 wights (D:13)
  8 crimson imps
  A howler monkey (D:11)
  3 bullfrog zombies
  2 hounds
  7 jellies
  A gnoll shaman (D:9)
  4 orc priests
  2 iguanas
  8 orc wizards
  8 worker ants
  The ghost of tidbits the Insei, a weakling GnMo (D:4)
  2 hound skeletons
  8 gnolls (D:8)
  9 adders
  3 shadow imps
  6 oozes
  An adder zombie (D:10)
  5 adder skeletons
  4 worms
  A dart slug (D:4)
  9 leopard geckos
  30 orcs
  9 bats
  8 giant cockroaches
  20 goblins
  8 hobgoblins
  11 jackals
  11 quokkas
  A ball python zombie (D:6)
  5 frilled lizards
  A jackal zombie (D:5)
  17 kobolds
  5 rats
  A spectral orc (D:3)
  2 fungi (D:11)
361 creatures vanquished.

Vanquished Creatures (collateral kills)
  A rakshasa (D:13)
  A hydra (D:12)
  A centaur warrior (D:13)
  A black mamba (shapeshifter) (D:9)
  An unseen horror (D:13)
  A deep elf mage (D:9)
  A manticore (D:12)
  A tengu conjurer (D:13)
  A slime creature (D:13)
  2 wraiths (D:11)
  A shadow (D:13)
  2 hogs (D:13)
  An ice beast (shapeshifter) (D:13)
  A necrophage (D:12)
  4 centaurs
  A scorpion (D:13)
  A wight (D:13)
  A worker ant (D:11)
  3 orcs
26 creatures vanquished.

Vanquished Creatures (others)
  A tengu warrior (D:13)
  A two-headed ogre (D:9)
  Sonja (D:13)
  2 centaurs
  A hippogriff (D:12)
  A wyvern (D:12)
  A vampire mosquito (D:9)
  An eye of draining (D:13)
  An ogre (D:13)
  A wyvern zombie (D:13)
  2 wights (D:13)
  A jelly (D:12)
  43 fungi (D:11)
  12 plants (D:11)
69 creatures vanquished.

Grand Total: 456 creatures vanquished

Notes
Turn   | Place    | Note
-------+----------+-------------------------------------------
     0 | D:1      | Amnesiac the Spriggan Artificer began the quest for the Orb.
     0 | D:1      | Reached XP level 1. HP: 9/9 MP: 4/4
   561 | D:2      | Found a stormy altar of Qazlal.
   562 | D:2      | Noticed a water elemental
   564 | D:2      | Noticed an air elemental
   564 | D:2      | Noticed a fire elemental
   564 | D:2      | Noticed an earth elemental
   950 | D:4      | Reached XP level 2. HP: 14/14 MP: 6/6
  1029 | D:3      | Reached skill level 5 in Evocations
  1539 | D:4      | Reached XP level 3. HP: 13/17 MP: 8/8
  1641 | D:4      | Found a staircase to the Ecumenical Temple.
  1647 | Temple   | Entered the Ecumenical Temple
  1651 | Temple   | Became a worshipper of Gozag Ym Sagoz the Greedy
  1681 | D:4      | Reached skill level 6 in Evocations
  2466 | D:2      | Reached XP level 4. HP: 21/21 MP: 9/9
  3082 | D:2      | Reached skill level 7 in Evocations
  3180 | D:2      | Found a white marble altar of Elyvilon.
  3387 | D:3      | Noticed Purgy
  3389 | D:3      | Killed Purgy
  3389 | D:3      | Reached XP level 5. HP: 23/25 MP: 11/11
  3437 | D:3      | Found a basalt altar of Yredelemnul.
  3745 | D:4      | Found a glowing silver altar of Zin.
  4109 | D:4      | Reached XP level 6. HP: 28/29 MP: 12/12
  4177 | D:4      | Noticed tidbits's ghost (weakling GnMo)
  4181 | D:4      | Killed tidbits's ghost
  4681 | D:5      | Entered Level 5 of the Dungeon
  5006 | D:5      | Reached skill level 1 in Fighting
  5076 | D:5      | Noticed Menkaure
  5080 | D:5      | Killed Menkaure
  5080 | D:5      | Reached XP level 7. HP: 29/33 MP: 13/13
  5239 | D:5      | Reached skill level 8 in Evocations
  5854 | D:6      | Found a glowing drain.
  5858 | Sewer    | Entered a sewer
  6401 | D:6      | Found a transporter.
  6591 | D:6      | Reached skill level 5 in Dodging
  6594 | D:6      | Reached skill level 9 in Evocations
  6594 | D:6      | Reached XP level 8. HP: 17/39 MP: 15/15
  6872 | D:6      | Found a transporter.
  6880 | D:6      | Found a sacrificial altar of Ru.
  6880 | D:6      | Noticed a troll
  7141 | D:6      | Killed a troll
  7384 | D:7      | Learned a level 3 spell: Regeneration
  7387 | D:7      | Learned a level 2 spell: Poisonous Vapours
  7462 | D:7      | Reached skill level 10 in Evocations
  8522 | D:8      | Found a snail-covered altar of Cheibriados.
  8834 | D:8      | Reached skill level 11 in Evocations
  8834 | D:8      | Reached XP level 9. HP: 38/45 MP: 18/18
  9839 | D:9      | Reached skill level 12 in Evocations
 10043 | D:9      | Noticed Pikel
 10093 | D:9      | Killed Pikel
 10093 | D:9      | Reached skill level 5 in Fighting
 10311 | D:9      | Noticed a two-headed ogre
 10318 | D:9      | Noticed a deep elf mage
 10321 | D:9      | Noticed a manticore
 10323 | D:9      | Noticed a black mamba
 10323 | D:9      | a yak changed into a black mamba
 10338 | D:9      | Killed a black mamba
 10340 | D:9      | Killed a deep elf mage
 10340 | D:9      | Reached skill level 13 in Evocations
 10340 | D:9      | Reached XP level 10. HP: 18/51 MP: 20/20
 10931 | D:9      | Killed a manticore
 11104 | D:9      | Noticed a cyan ugly thing
 11281 | D:9      | Found a staircase to the Orcish Mines.
 11565 | D:9      | Killed a cyan ugly thing
 11565 | D:9      | Reached skill level 10 in Dodging
 12030 | D:10     | Entered Level 10 of the Dungeon
 12314 | D:10     | Reached skill level 14 in Evocations
 12519 | D:10     | Learned a level 3 spell: Mephitic Cloud
 12590 | D:10     | Got a twisted quarterstaff
 12596 | D:10     | Identified the +6 quarterstaff "Gedohask" {crush, +Rage +Fly Dex+4} (You found it on level 10 of the Dungeon)
 13379 | D:11     | Noticed Josephine
 13405 | D:10     | Killed Josephine
 13405 | D:10     | Reached skill level 15 in Evocations
 13405 | D:10     | Reached XP level 11. HP: 35/58 MP: 23/23
 13523 | D:11     | Noticed a two-headed ogre
 13558 | D:11     | Killed a two-headed ogre
 13600 | D:11     | Found a staircase to the Lair.
 14150 | D:11     | Noticed Erolcha
 14657 | D:11     | Noticed a two-headed ogre
 14692 | D:11     | Killed a two-headed ogre
 14900 | D:11     | Killed Erolcha
 14900 | D:11     | Reached skill level 16 in Evocations
 15591 | D:12     | Noticed a six-headed hydra
 15610 | D:12     | Killed a six-headed hydra
 16709 | D:13     | Noticed an unseen horror
 16710 | D:13     | Noticed an unseen horror
 16711 | D:13     | Noticed a tengu warrior
 16728 | D:13     | Killed an unseen horror
 16741 | D:13     | Killed an unseen horror
 17080 | D:13     | Noticed a white ugly thing
 17104 | D:13     | Noticed a rakshasa
 17116 | D:13     | Killed a rakshasa
 17350 | D:13     | Noticed a centaur warrior
 17383 | D:13     | Reached skill level 17 in Evocations
 17383 | D:13     | Reached XP level 12. HP: 58/64 MP: 25/25
 17396 | D:13     | Killed a centaur warrior
 17594 | D:13     | Noticed a two-headed ogre
 17596 | D:13     | a two-headed ogre changed into a redback
 17849 | D:13     | Noticed Sonja
 17850 | D:13     | Cast into level 1 of the Abyss (Sonja)
 17869 | Abyss:1  | Found a corrupted altar of Lugonu.
 17889 | Abyss:2  | Found a corrupted altar of Lugonu.
 17919 | Abyss:2  | Gained mutation: You can translocate small distances at will. [potion of mutation]
 17919 | Abyss:2  | Gained mutation: You have a pair of small horns on your head. [potion of mutation]
 17947 | Abyss:2  | Found a corrupted altar of Lugonu.
 17969 | D:13     | Escaped the Abyss
 17979 | D:13     | Your ally died
 18284 | D:14     | Noticed a centaur warrior
 18289 | D:14     | Noticed Louise
 18450 | D:13     | Noticed Kirke
 19326 | Orc:1    | Entered Level 1 of the Orcish Mines
 20450 | D:14     | Noticed a two-headed ogre
 20914 | D:13     | Killed a two-headed ogre
 20914 | D:13     | Reached skill level 18 in Evocations
 21109 | D:14     | a centaur warrior changed into an eye of devastation
 21268 | D:14     | Noticed a seven-headed hydra
 21718 | D:14     | Noticed a spark wasp
 21718 | D:14     | a seven-headed hydra changed into a spark wasp
 21721 | D:14     | Noticed a fire dragon
 21721 | D:14     | a spark wasp changed into a fire dragon
 22104 | D:14     | Killed Kirke
 22192 | D:14     | Noticed a centaur warrior
 22232 | D:14     | Killed a centaur warrior
 22408 | D:14     | Noticed a two-headed ogre
 22635 | D:13     | Killed a two-headed ogre
 22863 | D:14     | Noticed Louise
 22863 | D:14     | Louise changed into Louise the storm dragon
 22996 | D:14     | Noticed a two-headed ogre
 23018 | D:14     | Reached XP level 13. HP: 37/70 MP: 27/27
 23677 | D:14     | Reached skill level 19 in Evocations
 24612 | D:14     | Paralysed by an ogre mage for 6 turns
 24632 | D:14     | Reached skill level 15 in Dodging
 25240 | D:14     | Found a gate to the Vaults.
 25557 | D:14     | Slain by a manticore

Vault maps used:
D:1:      saegor_arrival_simple_d
D:2:      kennysheep_big_flooded_room, elyvilon_altar_1,
          nicolae_qazlal_style_of_elements, first_ration
D:3:      yredelemnul_forgotten_temple_becter, uniq_purgy
D:4:      kennysheep_mini_moat, minmay_temple_entry_overgrown
D:5:      uniq_menkaure
D:6:      gammafunk_temple_overflow_arena, gup_sewer_entry_spiral
D:8:      cheibrodos_worm_habitat, hangedman_little_slice_of_home,
          minmay_stone_trees_medium
D:9:      minmay_the_grid_octo_triangle, david_orc_4, uniq_pikel
D:11:     due_lair_maze_entry_diamond, uniq_josephine, uniq_erolcha
D:13:     nicolae_benzene_ring, lightli_wizard_tower, uniq_kirke, uniq_sonja
D:14:     hangedman_vaults_entry_quadrant_bands, hangedman_decor_slide_cut,
          uniq_louise
Temple:   nicolae_temple_x_marks_the_god
Orc:1:    serial_shops, nicolae_shop_stone
Sewer:    sewer_big_baddie

Skill      XL: |  1  2  3  4  5  6  7  8  9 10 11 12 13 |
---------------+----------------------------------------+-----
Evocations     | 5 6 7 9 11 13 15 17 18 19 | 19.4
Shields        | 2 3 |  3.6
Fighting       | 1 2 3 5 6 7 9 |  9.4
Stealth        | 2 |  2.0
Short Blades   | 2 |  2.0
Dodging        | 5 7 9 11 12 14 15 | 15.1

Action                   |  1- 3 |  4- 6 |  7- 9 | 10-12 | 13-15 || total
-------------------------+-------+-------+-------+-------+-------++-------
Melee: Short sword       |    13 |       |       |       |       ||    13
       Dagger            |   118 |   175 |   439 |   969 |   136 ||  1837
       Headbutt          |       |       |       |   117 |    36 ||   153
       Scimitar          |       |       |       |    11 |     9 ||    20
 Fire: Hunting sling     |    11 |       |     2 |    30 |       ||    43
       Blowgun           |       |       |       |    38 |    41 ||    79
Throw: Stone             |     5 |       |       |       |       ||     5
 Cast: Mephitic Cloud    |       |       |       |     8 |       ||     8
 Abil: Blink             |       |       |       |     1 |       ||     1
Evoke: Wand              |     1 |    13 |    32 |   120 |     8 ||   174
       Fan of gales      |       |       |       |     2 |       ||     2
       Sack of spiders   |       |       |       |     2 |       ||     2
       Box of beasts     |       |       |       |     1 |       ||     1
       Phantom mirror    |       |       |       |     1 |       ||     1
  Use: Potion            |     1 |       |       |    17 |     1 ||    19
       Scroll            |       |       |    13 |     9 |     2 ||    24
 Stab: Sleeping          |     3 |     8 |    14 |     5 |       ||    30
       Distracted        |     2 |       |     3 |     4 |       ||     9
       Paralysed         |       |       |       |     3 |       ||     3
       Fleeing           |       |       |       |     1 |       ||     1
       Betrayed ally     |       |       |       |     1 |       ||     1
  Eat: Ration            |       |     4 |     2 |     8 |       ||    14
Armor: Robe              |    11 |     6 |    22 |    26 |     7 ||    72
Dodge: Dodged            |    91 |   105 |   259 |   820 |   136 ||  1411
Block: Buckler           |       |    29 |   125 |   319 |    36 ||   509
       Rpst.: Scimitar   |       |       |       |     3 |     4 ||     7

Table legend:
 A = Spawn XP
 B = Non-spawn XP
 C = Spawn XP percentage of total XP
 D = Spawn monster count
 E = Non-spawn monster count
 F = Spawn count percentage of total count
 G = Total turns spent on level
                    A         B        C        D         E        F      G
               +---------+---------+-------+---------+---------+-------+---------
         Total |     169 |   46673 |   0.4 |       1 |     381 |   0.3 | 25557
               +---------+---------+-------+---------+---------+-------+---------
           D:1 |       0 |      33 |   0.0 |       0 |      16 |   0.0 |   955
           D:2 |       0 |      72 |   0.0 |       0 |      25 |   0.0 |  1582
           D:3 |       0 |     189 |   0.0 |       0 |      23 |   0.0 |   859
           D:4 |       0 |     235 |   0.0 |       0 |      24 |   0.0 |  1276
           D:5 |       0 |     536 |   0.0 |       0 |      15 |   0.0 |  1038
           D:6 |       0 |     810 |   0.0 |       0 |      19 |   0.0 |  1321
           D:7 |       0 |     456 |   0.0 |       0 |      13 |   0.0 |   763
           D:8 |       0 |     632 |   0.0 |       0 |      28 |   0.0 |  1277
           D:9 |       0 |    4722 |   0.0 |       0 |      40 |   0.0 |  3174
          D:10 |       0 |    2325 |   0.0 |       0 |      15 |   0.0 |   903
          D:11 |       0 |    6756 |   0.0 |       0 |      43 |   0.0 |  2987
          D:12 |       0 |    3240 |   0.0 |       0 |      23 |   0.0 |  1673
          D:13 |     169 |   11397 |   1.5 |       1 |      49 |   2.0 |  3610
          D:14 |       0 |   15159 |   0.0 |       0 |      42 |   0.0 |  3680
         Sewer |       0 |     111 |   0.0 |       0 |       6 |   0.0 |   324
               +---------+---------+-------+---------+---------+-------+---------
